 Seeded DCSS version 0.30-a0-814-gd57b28d (webtiles) character file.

Game seed: 7557517153524949660 (custom seed)

53 Bazzalis the Magician (level 3, -1/27 HPs)
             Began as a Mummy Reaver on Feb 27, 2023.
             Slain by a goblin
             ... wielding a +0 club
             ... led by Robin
              (3 damage)
             ... on level 2 of the Dungeon.
             The game lasted 00:08:17 (1068 turns).

Bazzalis the Magician (Mummy Reaver)                Turns: 1068, Time: 00:08:18

Health: -1/27      AC:  9    Str: 15    XL:     3   Next: 64%
Magic:  7/8        EV:  6    Int: 14    God:
Gold:   70         SH:  0    Dex: 10    Spells: 8/9 levels left

rFire   x . .      SeeInvis .    e - +0 war axe
rCold   + . .      Faith    +    (no shield)
rNeg    + + +      Spirit   .    a - +0 chain mail
rPois   ∞          Reflect  .    i - +0 helmet
rElec   .          Harm     .    (no cloak)
rCorr   .          Rampage  .    (no gloves)
Will    .....                    (no boots) Stlth
                                 (no amulet)
HPRegen 0.24/turn                (no ring)
MPRegen 0.11/turn                (no ring)

@: very slightly contaminated
A: cold resistance 1, negative energy resistance 3, torment resistance 2, heat
vulnerability 1, in touch with death 1, no potions, faith
a: no special abilities


You were on level 2 of the Dungeon.
You visited 1 branch of the dungeon, and saw 2 of its levels.

You collected 70 gold pieces.

Inventory:

Hand Weapons
 e - a +0 war axe (weapon)
   (You found it on level 1 of the Dungeon)
Armour
 a - a +0 chain mail (worn)
   (You found it on level 1 of the Dungeon)
 i - a +0 helmet (worn)
   (You found it on level 1 of the Dungeon)
Scrolls
 b - a scroll of amnesia {unknown}
 c - 2 scrolls of immolation {unknown}
 d - a scroll of identify {unknown}
 f - a scroll of enchant armour {unknown}
 g - a scroll of teleportation {unknown}
 h - a scroll of fear {unknown}


   Skills:
 - Level 2.0 Fighting
 + Level 2.6 Axes
 - Level 1.5 Dodging
 * Level 3.9 Spellcasting
 * Level 3.1 Conjurations


You had 8 spell levels left.
You knew the following spells:

 Your Spells              Type           Power      Damage    Failure   Level
a - Kiss of Death         Conj/Necr      40%        2d8       95%         1

Your spell library contained the following spells:

 Spells                   Type           Power      Damage    Failure   Level
 Momentum Strike          Conj/Tloc      14%        3d8       99%         2
 Hailstorm                Conj/Ice       7%         3d4       100%        3


Dungeon Overview and Level Annotations

Branches:
Dungeon (2/15)

Altars:


Innate Abilities, Weirdness & Mutations

You are immune to poison.
Your flesh is cold resistant. (rC+)
You are immune to negative energy. (rN+++)
You are immune to unholy pain and torment.
You are vulnerable to heat. (rF-)
You are in touch with the powers of death.
You do not drink.
You have a special connection with the divine. (Faith)


Message History

The hobgoblin hits you but does no damage. x2
The goblin hits you with a +0 club.
* * * LOW HITPOINT WARNING * * *
Robin hits you but does no damage.
The hobgoblin hits you but does no damage.
Robin attacks as you move away! Robin hits you but does no damage.
Things that are here:
a +0 dagger; a goblin corpse Robin attacks as you move away!
Robin closely misses you. Robin throws the goblin at you!
The goblin hits you but does no damage. The hobgoblin attacks as you move away!
The hobgoblin hits you but does no damage.
The goblin attacks as you move away! The goblin hits you but does no damage.
Unknown command.
The hobgoblin attacks as you move away!
The hobgoblin hits you but does no damage.
The hobgoblin attacks as you move away!
The hobgoblin hits you but does no damage.
You closely miss the hobgoblin. You punch the hobgoblin.
The hobgoblin hits you.
* * * LOW HITPOINT WARNING * * *
You can't drink.
You hit the hobgoblin.
You kill the hobgoblin!
The goblin no longer looks unusually strong.
Robin roars a battlecry!
The goblin goes into a battle-frenzy!
The hobgoblin hits you but does no damage.
You barely miss the hobgoblin. The hobgoblin closely misses you.
You barely miss the hobgoblin.
The hobgoblin hits you but does no damage.
You closely miss the hobgoblin.
The hobgoblin hits you but does no damage.
The hobgoblin hits you.
* * * LOW HITPOINT WARNING * * *
You hit the hobgoblin.
You kill the hobgoblin!
You hit Robin.
The hobgoblin no longer looks unusually strong.
Robin roars a battlecry!
The hobgoblin goes into a battle-frenzy!
You barely miss Robin. Robin throws the goblin at you!
* * * LOW HITPOINT WARNING * * *
The goblin hits you but does no damage. The goblin hits you with a +0 club.
* * * LOW HITPOINT WARNING * * *
Robin hits you but does no damage.
You hit Robin.
You kill Robin!
You closely miss the goblin. The goblin hits you with a +0 club.
You die...

#.........#
#..>......#
#....†<†..#
#.........#
#.........# #
##.......## ...##
#.........#
#....###w........#
#.g@)r..........
#####g........###
#)))......#
#?g........
#.))......
###.####.# ...
..## ...


You could see a worm, a hobgoblin (strong), a goblin (strong) and a rat.

Vanquished Creatures
  Robin (D:2)
  A worm (D:2)
  A dart slug (D:1)
  3 ball pythons (D:1)
  5 endoplasms
  8 goblins
  8 hobgoblins
  3 jackals (D:1)
  A quokka (D:1)
  3 bats
  8 frilled lizards (D:1)
  A kobold (D:1)
  A rat (D:1)
44 creatures vanquished.

Notes
Turn   | Place    | Note
-------+----------+-------------------------------------------
     0 | D:1      | Bazzalis the Mummy Reaver began the quest for the Orb.
     0 | D:1      | Reached XP level 1. HP: 16/16 MP: 4/4
   109 | D:1      | Reached XP level 2. HP: 21/22 MP: 6/6
   591 | D:1      | Gained mutation: You are in touch with the powers of death.
                  | [Mummy growth]
   591 | D:1      | Reached XP level 3. HP: 22/27 MP: 8/8
  1039 | D:2      | Noticed Robin
  1067 | D:2      | HP: 1/27 [goblin/+0 club[Robin] (2)]
  1068 | D:2      | Killed Robin
  1068 | D:2      | Slain by a goblin

Illustrated notes

Levels and vault maps discovered:
D:1:      nzn_arrival_depleted_hourglass, layout_loops_ring, minmay_lizard_pond
D:2:      layout_rooms, shapermc_ecumenical_altar_mp_ritualfount, serial_shops,
          shop, hangedman_decor_riveting, uniq_robin, uniq_jessica

Skill      XL: |  1  2  3 |
---------------+----------+-----
Spellcasting   | 3 |  3.9
Conjurations   | 3 |  3.1
Fighting       | |  2.0
Axes           | |  2.6
Dodging        | |  1.5

Action                     || total
---------------------------++-------
  Melee: Hand axe          ||    36
         Punch             ||     2
         War axe           ||    81
   Cast: Kiss of Death     ||     2
 Armour: Leather armour    ||     9
         Chain mail        ||    97
  Dodge: Dodged            ||    54

Table legend: (Time is in decaauts)
 A = Elapsed time spent in this place.
 B = Non-inter-level travel time spent in this place.
 C = Inter-level travel time spent in this place.
 D = Time resting spent in this place.
 E = Time spent auto-exploring this place.
 F = Levels seen in this place.
 G = Mean time per level.
                   A        B        C        D        E       F      G
               +--------+--------+--------+--------+--------+-----+--------+
         Total |   1104 |   1083 |     21 |      0 |    802 |   2 |  552.0 |
       Dungeon |   1104 |   1083 |     21 |      0 |    802 |   2 |  552.0 |
               +--------+--------+--------+--------+--------+-----+--------+

Top non-repeatable levels by time:
     D:1: 1032 daAuts
     D:2: 72 daAuts
